 Dungeon Crawl Stone Soup version 0.31.0 (webtiles) character file.

Game seed: 9926910829505838247

144 noir2mars the Slasher (level 5, 0/47 HPs)
             Began as a Minotaur Fighter on Jan 19, 2024.
             Slain by a gnoll
             ... wielding the +7 long sword of Brawling {antimagic, Str+3}
              (3 damage)
             ... on level 2 of the Dungeon.
             The game lasted 00:09:49 (1526 turns).

noir2mars the Slasher (Minotaur Fighter)            Turns: 1526, Time: 00:09:50

Health: 0/47       AC:  7    Str: 20    XL:     5   Next: 5%
Magic:  0/4        EV:  9    Int:  5    God:
Gold:   73         SH:  5    Dex: 12    Spells: 4/4 levels left

rFire   . . .        a - +0 long sword
rCold   . . .        c - +0 buckler
rNeg    . . .        b - +0 scale mail
rPois   .            (helmet restricted)
rElec   .            (no cloak)
rCorr   .            (no gloves)
SInv    .            (no boots)
Will    .....        (no amulet) Stlth
                     (no ring)
HPRegen 0.27/turn    (no ring)
MPRegen 0.09/turn

%: no passive effects
@: no status effects
A: horns 2, retaliatory headbutt
a: no special abilities


You were on level 2 of the Dungeon.
You visited 1 branch of the dungeon, and saw 2 of its levels.

You collected 73 gold pieces.

Inventory:

Hand Weapons
 a - a +0 long sword (weapon)
Armour
 b - a +0 scale mail (worn)
 c - a +0 buckler (worn)
 m - a +0 chain mail
Jewellery
 j - a ring of magical power
 k - a ring of flight
Scrolls
 e - a scroll of vulnerability {unknown}
 f - 3 scrolls of identify {unknown}
 g - a scroll of blinking {unknown}
 h - a scroll of amnesia {unknown}
 n - a scroll of noise {unknown}
Potions
 d - a potion of haste {unknown}
 i - 2 potions of curing {unknown}
 l - a potion of degeneration {unknown}


   Skills:
 + Level 4.4 Fighting
 + Level 4.7 Long Blades
 + Level 4.3 Armour
 + Level 0.4 Dodging
 + Level 4.2 Shields


You had 4 spell levels left.
You didn't know any spells.
Your spell library contained the following spells:

 Spells                   Type           Power      Damage    Failure   Level
 Slow                     Hex            0%         N/A       88%         1


Dungeon Overview and Level Annotations

Branches:
Dungeon (2/15)

Altars:
Trog


Innate Abilities, Weirdness & Mutations

You have a pair of horns on your head.
You reflexively headbutt those who attack you in melee.


Message History

You slash the ribbon worm!
The ribbon worm is almost dead.
The ribbon worm bites you but does no damage.
You slash the ribbon worm!
You kill the ribbon worm!
The gnoll hits you with the +7 long sword of Brawling {antimagic, Str+3}.
You feel your power leaking away.
You barely miss the gnoll. You headbutt the gnoll!
The gnoll is severely wounded.
The gnoll hits you with the +7 long sword of Brawling {antimagic, Str+3}.
You feel your power leaking away.
You barely miss the gnoll.
The gnoll is severely wounded.
The gnoll completely misses you.
You hit the gnoll.
The gnoll is severely wounded.
The gnoll hits you with the +7 long sword of Brawling {antimagic, Str+3}!
You feel your power leaking away.
You barely miss the gnoll. Your headbutt misses the gnoll.
The gnoll is severely wounded.
The gnoll barely misses you. The gnoll misses you.
You barely miss the gnoll.
The gnoll is severely wounded.
The gnoll hits you with the +7 long sword of Brawling {antimagic, Str+3}!
* * * LOW HITPOINT WARNING * * *
The gnoll attacks as it pursues you!
The gnoll hits you with the +7 long sword of Brawling {antimagic, Str+3}.
* * * LOW HITPOINT WARNING * * *
You hit the gnoll. Your headbutt misses the gnoll.
The gnoll is severely wounded.
You block the gnoll's attack.
You barely miss the gnoll.
The gnoll is severely wounded.
The gnoll hits you with the +7 long sword of Brawling {antimagic, Str+3}!
* * * LOW HITPOINT WARNING * * *
You feel your power leaking away.
You hit the gnoll.
The gnoll is almost dead.
The gnoll hits you with the +7 long sword of Brawling {antimagic, Str+3}.
You die...

.g... #......... ... #.........
.# ##......... # ###..#......#
#### #...#######.# .w.# ######
##.######## .# ...## ....##
#....##...##.#
#...#########..#####............#
............)..g@..............#
###..##########.#..............#
##..# .....#............#
#..######..#.####..........#
#.........##.# ##....#...###
##.....#####...######.......# .#
###....# ###..............# ..#
###....## #######.......#
#..##...#...... ##........#


You could see a gnoll.

Vanquished Creatures
  Natasha (thrice) (D:2)
  A gnoll (D:2)
  An adder (D:2)
  3 dart slugs (D:1)
  3 ribbon worms (D:2)
  2 ball pythons (D:1)
  4 bats
  3 endoplasms
  A giant cockroach (D:1)
  4 goblins (D:1)
  A hobgoblin (D:1)
  4 jackals (D:2)
  4 kobolds (D:1)
  3 quokkas
  A frilled lizard (D:2)
  3 rats (D:1)
41 creatures vanquished.

Notes
Turn   | Place    | Note
-------+----------+-------------------------------------------
     0 | D:1      | noir2mars the Minotaur Fighter began the quest for the Orb.
     0 | D:1      | Reached XP level 1. HP: 19/19 MP: 0/0
    40 | D:1      | Found a faded altar of an unknown god.
    50 | D:1      | Got Plato's Omnibus of Glamour
    97 | D:1      | Reached XP level 2. HP: 27/27 MP: 1/1
   582 | D:1      | Reached XP level 3. HP: 33/33 MP: 2/2
   762 | D:1      | Found a bloodstained altar of Trog.
   861 | D:2      | Noticed Natasha
   890 | D:2      | Killed Natasha
   891 | D:2      | Reached XP level 4. HP: 16/40 MP: 3/3
   892 | D:2      | Noticed Natasha
   897 | D:2      | Killed Natasha
  1456 | D:2      | Noticed Natasha
  1463 | D:2      | Killed Natasha
  1497 | D:2      | Identified the +7 long sword of Brawling {antimagic, Str+3}
  1512 | D:2      | Reached XP level 5. HP: 39/47 MP: 4/4
  1525 | D:2      | HP: 2/47 [gnoll/the +7 long sword of Brawling {antimagic,
                  | Str+3} (8)]
  1526 | D:2      | Slain by a gnoll

Illustrated notes

Levels and vault maps discovered:
D:1:      dpeg_arrival_water_altar, layout_rooms, serial_curves, eino_curves_01,
          eino_curves_02, eino_curves_04, shapermc_ecumenical_altar_rom_forum,
          roderic_roman_lattice
D:2:      layout_rooms, minmay_tiny_reverse_x, uniq_natasha

Skill      XL: |  1  2  3  4 |
---------------+-------------+-----
Shields        | 4 |  4.2
Fighting       | 4 |  4.4
Long Blades    | 3 4 |  4.7
Armour         | 4 |  4.3
Dodging        | |  0.4

Action                     |  1- 3 |  4- 6 || total
---------------------------+-------+-------++-------
  Melee: Long sword        |    79 |    36 ||   115
         Headbutt          |     9 |     4 ||    13
    Use: Potion            |     1 |       ||     1
 Armour: Scale mail        |    78 |    32 ||   110
  Dodge: Dodged            |    36 |    20 ||    56
  Block: Buckler           |    24 |     8 ||    32
